 Dungeon Crawl Stone Soup version 0.31-a0-662-g684573625c (webtiles) character file.

Game seed: 14685015922884595704

15 holysushi the Cutter (level 2, 0/16 HPs)
             Began as a Vine Stalker Monk on Sept 1, 2023.
             Slain by a quokka (4 damage)
             ... on level 1 of the Dungeon.
             The game lasted 00:00:10 (125 turns).

holysushi the Cutter (Vine Stalker Monk)             Turns: 125, Time: 00:00:11

Health: 0/16       AC:  2    Str: 13    XL:     2   Next: 50%
Magic:  0/3        EV: 12    Int: 10    God:
Gold:   0          SH:  0    Dex: 16    Spells: 1/1 levels left

rFire   . . .        a - +0 short sword
rCold   . . .        d - orb {light}
rNeg    . . .        b - +0 robe
rPois   .            (no helmet)
rElec   .            (no cloak)
rCorr   .            (no gloves)
SInv    .            (no boots)
Will    .....        (no amulet)
Stlth   +            (no ring)
HPRegen 1.02/turn    (no ring)
MPRegen 0.08/turn

%: guardian spirit
@: glowing
A: fangs 2, regeneration 1, magic shield, antimagic bite, no potion heal 2
a: no special abilities


You were on level 1 of the Dungeon.
You visited 1 branch of the dungeon, and saw 1 of its levels.

Inventory:

Hand Weapons
 a - a +0 short sword (weapon)
Armour
 b - a +0 robe (worn)
 d - an orb of light (worn)
Potions
 c - a potion of ambrosia
 e - a potion of berserk rage {unknown}


   Skills:
 - Level 2.6 Fighting
 + Level 3.4 Short Blades
 - Level 2.4 Dodging


You had one spell level left.
You didn't know any spells.
Your spell library contained the following spells:

 Spells                   Type           Power      Damage    Failure   Level
 Shock                    Conj/Air       0%         1d3       36%         1
 Swiftness                Air            0%         N/A       75%         3
 Airstrike                Air            0%         2d(0-16)  98%         4


Dungeon Overview and Level Annotations

Branches:
Dungeon (1/15) Zot: 5876

Altars:


Innate Abilities, Weirdness & Mutations

You have extremely sharp teeth.
Your natural rate of healing is unusually fast.
When hurt, damage is shared between your health and your magic reserves.
Your bite disrupts and absorbs the magic of your enemies.
Potions cannot restore your health.


Message History

There is an open door here.
A gnoll, a quokka and a kobold come into view.
Found a dagger.
The gnoll shouts!
The kobold shouts!
The kobold throws a stone.
The stone hits you.
There are monsters nearby!
There are monsters nearby!
There are monsters nearby!
There are monsters nearby!
Found a scroll labelled GIUTUNW XYUFY.
The kobold throws a stone.
The stone barely misses you.
The kobold throws a stone.
The stone barely misses you. The gnoll attacks as it pursues you!
The gnoll closely misses you.
You hit the gnoll. You bite the gnoll, but do no damage.
The gnoll is lightly wounded.
You hit the gnoll. You bite the gnoll. You drain its power.
The gnoll is severely wounded.
The gnoll closely misses you.
You hit the gnoll. Your bite misses the gnoll.
The gnoll is severely wounded.
The gnoll hits you with a +0 club.
You hit the gnoll.
You kill the gnoll!
You have reached level 2!
The quokka misses you. The quokka attacks as it pursues you!
The quokka bites you. x2
The quokka attacks as it pursues you! The quokka closely misses you.
You closely miss the quokka. You bite the quokka. You drain its power.
You feel invigorated.
The quokka is heavily wounded.
The quokka bites you.
You are too injured to fight recklessly!
You hit the quokka. You bite the quokka, but do no damage.
The quokka is severely wounded.
The quokka bites you.
* * * LOW HITPOINT WARNING * * *
You hit the quokka but do no damage. Your bite misses the quokka.
The quokka is severely wounded.
The quokka bites you.
You die...

#....K.......#
#............##
+............?. #.....)..#
########.# #K## #..#
######)######
#......Kr@..####
..#####+#####...###
###≈≈§≈≈≈≈#####..##
#≈≈≈.§...§≈§# ###.## .
#....((....§# ##.# .
######'###### #.## #.#####
####8'8#### ######.#
.##...###.........###..§##.#
.#....##...........##..§§#.#


You could see a quokka and a kobold.

Vanquished Creatures
  A gnoll (D:1)
  2 hobgoblins (D:1)
  2 goblins (D:1)
5 creatures vanquished.

Notes
Turn   | Place    | Note
-------+----------+-------------------------------------------
     0 | D:1      | holysushi the Vine Stalker Monk began the quest for the
                  | Orb.
     0 | D:1      | Reached XP level 1. HP: 11/11 MP: 2/2
    34 | D:1      | Reached skill level 3 in Short Blades
   120 | D:1      | Reached XP level 2. HP: 10/16 MP: 1/3
   125 | D:1      | Slain by a quokka

Illustrated notes

Levels and vault maps discovered:
D:1:      dpeg_arrival_morbid_curiosity, layout_basic

Skill      XL: |  1 |
---------------+----+-----
Short Blades   | 3 |  3.4
Fighting       | |  2.6
Dodging        | |  2.4

Action                     || total
---------------------------++-------
  Melee: Short sword       ||    16
         Bite              ||     7
 Armour: Robe              ||    12
  Dodge: Dodged            ||    11

Table legend: (Time is in decaauts)
 A = Elapsed time spent in this place.
 B = Non-inter-level travel time spent in this place.
 C = Inter-level travel time spent in this place.
 D = Time resting spent in this place.
 E = Time spent auto-exploring this place.
 F = Levels seen in this place.
 G = Mean time per level.
                   A        B        C        D        E       F      G
               +--------+--------+--------+--------+--------+-----+--------+
         Total |    122 |    122 |      0 |      0 |     89 |   1 |  122.0 |
       Dungeon |    122 |    122 |      0 |      0 |     89 |   1 |  122.0 |
               +--------+--------+--------+--------+--------+-----+--------+

Top non-repeatable levels by time:
     D:1: 122 daAuts
